 Dungeon Crawl Stone Soup version 0.23.1-37-gaa34b87 (webtiles) character file.

Game seed: 8235037339783339983

5926 kae the Spear-Bearer (level 10, 0/82 HPs)
             Began as a Merfolk Skald on Mar 21, 2019.
             Was a Priest of Okawaru.
             Slain by a seven-headed hydra (5 damage)
             ... on level 1 of the Lair of Beasts.
             The game lasted 00:14:55 (11431 turns).

kae the Spear-Bearer (Merfolk Skald)               Turns: 11431, Time: 00:14:56

Health: 0/82       AC: 14    Str: 14    XL:     10   Next: 83%
Magic:  0/14       EV: 16    Int: 13    God:    Okawaru [***...]
Gold:   463        SH:  0    Dex: 19    Spells: 4/15 levels left

rFire    . . .     SeeInvis .   w - +4 glaive (protect)
rCold    . . .     Gourm    .   (shield currently unavailable)
rNeg     . . .     Faith    .   s - +0 ring mail of Hospitality {Dex+3}
rPois    .         Spirit   +   L - +0 helmet
rElec    .         Reflect  .   D - scarf {Spirit}
rCorr    +         Harm     .   (no gloves)
MR       .....                  (no boots)
Stlth    +++.......             (no amulet)
HPRegen  0.23/turn              i - ring of resist corrosion
MPRegen  0.14/turn              (no ring)

@: heroism, infused, protection aura
A: change form in water, swift swim, stealthy swim, agile 1, mutation resistance
1
a: Heroism, Renounce Religion


You were on level 1 of the Lair of Beasts.
You worshipped Okawaru.
Okawaru was most pleased with you.
You were not hungry.

You visited 3 branches of the dungeon, and saw 11 of its levels.
You also visited: Sewer.

You collected 553 gold pieces.
You spent 90 gold pieces at shops.

Inventory:

Hand Weapons
 a - a +0 spear of electrocution
 w - a +4 glaive of protection (weapon)
Armour
 b - a +1 leather armour
 n - a +3 leather armour of poison resistance
 s - the +0 ring mail of Hospitality (worn) {Dex+3}
   (You found it on level 5 of the Dungeon)

   It affects your dexterity (+3).
 t - a scarf of repulsion
 D - a scarf of spirit shield (worn)
 L - a +0 helmet (worn)
Jewellery
 g - an uncursed ring of ice
 i - a ring of resist corrosion (left hand)
 y - an uncursed ring of ice
 E - an uncursed ring of flight {unknown}
Wands
 l - a wand of flame (12)
 m - a wand of random effects (13)
 A - a wand of digging (5)
Scrolls
 c - 4 scrolls of teleportation
 e - a scroll of enchant armour
 h - 2 scrolls of blinking
 j - 8 scrolls of remove curse
 u - 3 scrolls of enchant weapon
 B - 2 scrolls of fear
 G - a scroll of identify
 H - a scroll of fog
Potions
 f - a potion of lignification
 k - 5 potions of curing
 o - 2 potions of agility
 p - 2 potions of flight
 q - 6 potions of might
 r - 3 potions of heal wounds
 v - a potion of berserk rage
 x - 4 potions of brilliance
 C - 2 potions of haste
 F - a potion of resistance
 I - a potion of invisibility
Comestibles
 d - 19 rations


   Skills:
 + Level 8.7(13.7) Fighting
 * Level 14.7(19.7) Polearms
 - Level 0.6(5.6) Armour
 - Level 2.6(7.6) Dodging
 - Level 3.2 Spellcasting
 - Level 8.0 Charms
 + Level 5.5 Invocations


You had 4 spell levels left.
You knew the following spells:

 Your Spells              Type           Power        Failure   Level  Hunger
a - Infusion              Chrm           ###.         1%          1    #......
b - Song of Slaying       Chrm           ###.....     2%          2    ##.....
c - Shroud of Golubria    Chrm/Tloc      ##........   12%         2    ##.....
d - Regeneration          Chrm/Necr      ##........   24%         3    ###....
e - Spectral Weapon       Hex/Chrm       ##......     24%         3    ###....

Your spell library contained the following spells:

 Spells                   Type           Power        Failure   Level  Hunger
 Iskenderun's Battlesphe  Conj/Chrm      ##......     92%         5    ######.
 Bolt of Magma            Conj/Fire/Erth #.........   100%        5    ######.
 Venom Bolt               Conj/Pois      #.........   100%        5    ######.
 Iron Shot                Conj/Erth      #.........   100%        6    #######
 Orb of Destruction       Conj           #.........   100%        7    #######
 Spellforged Servitor     Conj/Summ      #.........   100%        7    #######


Dungeon Overview and Level Annotations

Branches:
Dungeon (9/15)             Temple (1/1) D:5            Lair (1/6) D:8
    Orc: D:9-12

Altars:
Ashenzari
Cheibriados
Dithmenos
Elyvilon
Fedhas
Gozag
Hepliaklqana
Kikubaaqudgha
Makhleb
Nemelex Xobeh
Okawaru
Qazlal
Ru
Sif Muna
Trog
Uskayaw
Vehumet
Wu Jian
Xom
Yredelemnul
Zin
The Shining One

Shops:
D:5 *   D:9 (


Innate Abilities, Weirdness & Mutations

You revert to your normal form in water You are very nimble and swift while swimming.
You are very stealthy in the water. (Stealth+)
You are agile. (Dex +2)
You are somewhat resistant to further mutation.


Message History

You barely miss the six-headed hydra.
The six-headed hydra is lightly wounded.
The six-headed hydra closely misses you.
The six-headed hydra bites you!
The six-headed hydra bites you but does no damage.
The six-headed hydra bites you!
* * * LOW HITPOINT WARNING * * *
The six-headed hydra bites you!
* * * LOW HITPOINT WARNING * * *
The six-headed hydra closely misses you.
You lop one of the six-headed hydra's heads off!
The five-headed hydra grows two more!
You slice the seven-headed hydra!!
Your weapon exudes an aura of protection.
The seven-headed hydra is moderately wounded.
The seven-headed hydra barely misses you.
The seven-headed hydra bites you but does no damage.
The seven-headed hydra misses you. The seven-headed hydra bites you.
* * * LOW HITPOINT WARNING * * *
The seven-headed hydra bites you.
You die...

. .8.# .#...# .....#
#.... #... #F. # ###D##
#.####.#@.#########
.........................
.........................
...........).............
.........................
.........................
.........................
(........................
.........................


You could see a seven-headed hydra and a spiny frog.

Vanquished Creatures
  A two-headed ogre (D:9)
  A spiny frog (Lair:1)
  A komodo dragon (Lair:1)
  A troll (D:9)
  A hippogriff (D:8)
  Sigmund (D:5)
  A basilisk (Lair:1)
  Edmund (D:5)
  A porcupine (Lair:1)
  Duvessa (D:4)
  A water moccasin (Lair:1)
  An ice beast (D:6)
  A sky beast (D:7)
  A black bear (D:6)
  3 phantoms
  4 ogres
  3 centaurs
  2 crocodiles (Lair:1)
  4 big kobolds
  Blork the orc (D:5)
  A bullfrog (D:8)
  Dowan (D:4)
  2 scorpions
  2 howler monkeys (D:8)
  A bullfrog zombie (D:5)
  3 crimson imps
  2 centaur zombies (D:5)
  2 hounds
  2 jellies
  6 orc priests
  3 orc wizards
  A bullfrog skeleton (D:5)
  3 centaur skeletons
  7 iguanas
  3 worker ants
  Natasha (thrice) (D:2)
  Terence (D:3)
  Robin (D:2)
  A worker ant zombie (D:7)
  8 gnolls
  A river rat (D:4)
  16 adders
  3 shadow imps
  3 oozes
  2 adder skeletons
  An adder zombie (D:8)
  4 worms
  3 dart slugs
  20 orcs
  8 bats
  10 giant cockroaches
  7 hobgoblins
  14 jackals
  23 kobolds
  4 quokkas
  3 ball pythons
  6 frilled lizards
  10 goblins (D:2)
  A quokka skeleton (D:6)
  12 rats
235 creatures vanquished.

Vanquished Creatures (others)
  An orc (D:5)
  A plant (Lair:1)
  4 spectral weapons
6 creatures vanquished.

Grand Total: 241 creatures vanquished

Notes
Turn   | Place    | Note
-------+----------+-------------------------------------------
     0 | D:1      | kae the Merfolk Skald began the quest for the Orb.
     0 | D:1      | Reached XP level 1. HP: 16/16 MP: 3/3
   165 | D:1      | Reached XP level 2. HP: 18/23 MP: 0/5
   412 | D:1      | Reached XP level 3. HP: 25/28 MP: 6/6
   734 | D:1      | Reached skill level 4 in Polearms
  1176 | D:2      | Noticed Natasha
  1187 | D:2      | Killed Natasha
  1187 | D:2      | Reached XP level 4. HP: 34/34 MP: 0/7
  1661 | D:2      | Noticed Natasha
  1679 | D:2      | Killed Natasha
  1679 | D:2      | Reached skill level 5 in Polearms
  1680 | D:2      | Reached XP level 5. HP: 24/41 MP: 0/8
  1951 | D:2      | Noticed Natasha
  1964 | D:2      | Killed Natasha
  1988 | D:2      | Found a faded altar of an unknown god.
  2110 | D:2      | Noticed Robin
  2173 | D:2      | Gained mutation: You are agile. (Dex +2) [potion of
                  | mutation]
  2173 | D:2      | Gained mutation: You are somewhat resistant to further
                  | mutation. [potion of mutation]
  2179 | D:2      | Killed Robin
  2452 | D:2      | Found a shimmering altar of Xom.
  2690 | D:3      | Reached XP level 6. HP: 22/47 MP: 3/10
  2860 | D:3      | Reached skill level 6 in Polearms
  3420 | D:3      | Noticed Terence
  3501 | D:3      | Learned a level 2 spell: Song of Slaying
  3504 | D:3      | Learned a level 2 spell: Shroud of Golubria
  3508 | D:3      | Learned a level 3 spell: Regeneration
  3512 | D:3      | Learned a level 3 spell: Spectral Weapon
  3599 | D:3      | Killed Terence
  3947 | D:4      | Found a glowing drain.
  4028 | Sewer    | Entered a sewer
  4088 | Sewer    | HP: 2/48 [big kobold (1)]
  4097 | Sewer    | Reached skill level 7 in Polearms
  4097 | Sewer    | Reached XP level 7. HP: 7/54 MP: 6/11
  4489 | Sewer    | Reached skill level 5 in Charms
  4869 | D:4      | Reached skill level 8 in Polearms
  4991 | D:4      | Noticed Dowan
  4992 | D:4      | Noticed Duvessa
  5000 | D:4      | Killed Dowan
  5243 | D:4      | Reached skill level 5 in Fighting
  5243 | D:4      | Reached XP level 8. HP: 50/62 MP: 9/12
  5856 | D:4      | Killed Duvessa
  5856 | D:4      | Reached skill level 9 in Polearms
  6190 | D:5      | Entered Level 5 of the Dungeon
  6190 | D:5      | Noticed Edmund
  6195 | D:5      | Noticed Sigmund
  6202 | D:5      | Killed Edmund
  6227 | D:5      | Killed Sigmund
  6227 | D:5      | Reached skill level 10 in Polearms
  6688 | D:5      | Found Buwim's General Store.
  6713 | D:5      | Noticed Blork the orc
  6959 | D:5      | Got a faintly glowing ring mail
  7065 | D:5      | Identified the +0 ring mail of Hospitality {Dex+3} (You
                  | found it on level 5 of the Dungeon)
  7071 | D:5      | Found a hide-covered altar of Uskayaw.
  7072 | D:5      | Found a glowing silver altar of Zin.
  7090 | D:5      | Found a shattered altar of Ashenzari.
  7090 | D:5      | Found a bloodstained altar of Trog.
  7105 | D:5      | Reached skill level 11 in Polearms
  7105 | D:5      | Reached XP level 9. HP: 60/69 MP: 10/13
  7307 | D:5      | Bought a scroll of enchant weapon for 90 gold pieces
  7391 | D:5      | Killed Blork the orc
  7553 | D:5      | Found a staircase to the Ecumenical Temple.
  7562 | Temple   | Entered the Ecumenical Temple
  7625 | Temple   | Became a worshipper of Warmaster Okawaru
  7910 | D:6      | Reached skill level 1 in Invocations
  8279 | D:6      | Reached skill level 12 in Polearms
  8281 | D:6      | Found a sparkling altar of Nemelex Xobeh.
  8404 | D:7      | Reached * piety under Okawaru
  9298 | D:8      | Reached XP level 10. HP: 59/79 MP: 10/14
  9303 | D:8      | Found a staircase to the Lair.
  9539 | D:8      | Reached ** piety under Okawaru
  9539 | D:8      | Reached skill level 13 in Polearms
  9729 | D:8      | Found a deep blue altar of Sif Muna.
 10109 | D:9      | Found Asaf's Weapon Emporium.
 10272 | D:9      | Found an opulent altar of Gozag.
 10833 | D:9      | Found a hide-covered altar of Uskayaw.
 10896 | D:9      | Found a shadowy altar of Dithmenos.
 10898 | D:9      | Noticed a two-headed ogre
 10908 | D:9      | Killed a two-headed ogre
 10908 | D:9      | Reached *** piety under Okawaru
 10908 | D:9      | Reached skill level 14 in Polearms
 10910 | D:9      | Found a blossoming altar of Fedhas.
 11009 | D:9      | Found a stormy altar of Qazlal.
 11011 | D:9      | Found an opulent altar of Gozag.
 11012 | D:9      | Found an ancient bone altar of Kikubaaqudgha.
 11013 | D:9      | Found an ornate altar of the Wu Jian Council.
 11117 | Lair:1   | Entered Level 1 of the Lair of Beasts
 11117 | Lair:1   | Noticed a spiny frog
 11128 | Lair:1   | Reached skill level 5 in Invocations
 11129 | Lair:1   | Killed a spiny frog
 11424 | Lair:1   | Noticed a six-headed hydra
 11425 | Lair:1   | Noticed a spiny frog
 11431 | Lair:1   | Slain by a seven-headed hydra

Skill      XL: |  1  2  3  4  5  6  7  8  9 10 |
---------------+-------------------------------+-----
Polearms       | 4 5 7 8 11 12 14 | 14.7
Fighting       | 3 4 5 6 7 8 |  8.7
Charms         | 4 5 6 7 8 |  8.0
Spellcasting   | 3 |  3.2
Invocations    | 3 5 |  5.5
Armour         | |  0.6
Dodging        | |  2.6

Action                   |  1- 3 |  4- 6 |  7- 9 | 10-12 || total
-------------------------+-------+-------+-------+-------++-------
Melee: Spear             |   100 |   312 |   200 |       ||   612
       Tailslap          |       |     1 |       |       ||     1
       Glaive            |       |       |   175 |    82 ||   257
 Cast: Infusion          |     5 |    20 |    20 |     6 ||    51
       Spectral Weapon   |       |     2 |     6 |     2 ||    10
       Shroud of Golubri |       |     1 |       |       ||     1
       Song of Slaying   |       |       |     1 |       ||     1
       Regeneration      |       |       |     1 |       ||     1
Invok: Heroism           |       |       |       |     1 ||     1
Evoke: Wand              |       |       |       |     4 ||     4
  Use: Potion            |       |     4 |     1 |       ||     5
       Scroll            |       |     9 |    10 |     3 ||    22
 Stab: Sleeping          |     1 |       |     1 |       ||     2
  Eat: Chunk             |     1 |    10 |    14 |     4 ||    29
       Ration            |       |       |     1 |     1 ||     2
Armor: Leather armour    |    23 |    36 |    25 |       ||    84
       Ring mail         |       |       |    53 |    24 ||    77
Dodge: Dodged            |    57 |   136 |   158 |    53 ||   404
       Deflected         |       |       |     4 |       ||     4
